 Dungeon Crawl Stone Soup version 0.22-a0-596-gfbd32a6 (webtiles) character file.

257 sking99 the Ruffian (level 5, 0/40 HPs)
             Began as a Draconian Transmuter on July 5, 2018.
             Was a Follower of Okawaru.
             Succumbed to an adder's poison
             ... on level 3 of the Dungeon.
             The game lasted 00:06:07 (2077 turns).

sking99 the Ruffian (Draconian Transmuter)          Turns: 2077, Time: 00:06:07

Health: 0/40       AC:  5    Str: 12    XL:     5   Next: 93%
Magic:  3/8        EV: 15    Int: 17    God:    Okawaru [*.....]
Gold:   101        SH:  0    Dex: 11    Spells: 5/8 levels left

rFire    + . .     SeeInvis .     - Unarmed
rCold    . . .     Gourm    .   (no shield)
rNeg     . . .     Faith    .   (armour unavailable)
rPois    .         Spirit   .   (helmet restricted)
rElec    .         Reflect  .   (no cloak)
rCorr    .         Harm     .   (no gloves)
MR       .....                  (no boots)
Stlth    +++.......             (no amulet)
HPRegen  0.13/turn              (no ring)
MPRegen  0.11/turn              (no ring)

@: lethally poisoned (0 -> -3), heroism, flying
A: unfitting armour, talons 1, clever 1, fire resistance 1, cold-blooded, AC +5
a: Heroism, Renounce Religion


You were on level 3 of the Dungeon.
You worshipped Okawaru.
Okawaru was aware of your devotion.
You were not hungry.

You visited 1 branch of the dungeon, and saw 3 of its levels.

You collected 101 gold pieces.

Inventory:

Missiles
 a - 53 arrows
Jewellery
 f - a cursed ring of teleportation {unknown}
Scrolls
 d - 2 scrolls of enchant weapon {unknown}
 e - 3 scrolls of identify {unknown}
 g - 2 scrolls of teleportation {unknown}
 i - 2 scrolls of fear {unknown}
 j - 2 scrolls of remove curse {unknown}
 k - a scroll of enchant armour {unknown}
Potions
 h - 2 potions of mutation
Comestibles
 c - 5 rations


   Skills:
 - Level 1.1(6.1) Fighting
 - Level 1.7(6.7) Dodging
 + Level 6.7(11.7) Unarmed Combat
 - Level 2.0 Spellcasting
 - Level 2.0 Transmutations


You had 5 spell levels left.
You knew the following spells:

 Your Spells              Type           Power        Failure   Level  Hunger
a - Beastly Appendage     Tmut           #.....       9%          1    #......
b - Sticks to Snakes      Tmut           #.......     13%         2    ###....

Your spell library contained the following spells:

 Spells                   Type           Power        Failure   Level  Hunger
 Spider Form              Tmut/Pois      #.........   36%         3    ###....
 Blade Hands              Tmut           #.........   93%         5    ######.
 Ice Form                 Ice/Tmut       #.......     77%         4    #####..


Dungeon Overview and Level Annotations

Branches:
Dungeon (3/15)

Altars:
Nemelex Xobeh
Okawaru


Innate Abilities, Weirdness & Mutations

Your plain brown scales are hard. (AC +5)
You cannot fit into any form of body armour.
You are cold-blooded and may be slowed by cold attacks.
You have sharp toenails.
Your mind is acute. (Int +2)
Your flesh is heat resistant. (rF+)


Message History

You aren't carrying any items that you can evoke.
There is a lethal amount of poison in your body!
You aren't carrying any items that you can evoke.
You gain the combat prowess of a mighty hero.
* * * LOW HITPOINT WARNING * * *
You feel sick. The hobgoblin hits you with a club.
* * * LOW HITPOINT WARNING * * *
The hobgoblin misses you.
* * * LOW HITPOINT WARNING * * *
You feel sick.
The kobold shouts!
The kobold barely misses you.
You hit the kobold. You claw the kobold, but do no damage.
The kobold is heavily wounded.
The hobgoblin completely misses you. The kobold barely misses you.
You punch the kobold!
You kill the kobold!
Okawaru accepts your kill.
The hobgoblin hits you but does no damage.
You die...

#<# #.# #.# #####
#.# ##...## #.##
#.[(..####..#######
#..........#......K
#.%.g.#####.###.###
##@..## ### #.#
#.......... #.#
#.##.###### #.# #.
#.# #.# # #.# #.#
#.# #.# #.# #.# ..


You could see a hobgoblin.

Vanquished Creatures
  Grinder (D:3)
  3 gnolls (D:3)
  2 adders
  An ooze (D:2)
  2 worms (D:2)
  2 dart slugs (D:2)
  An orc (D:3)
  4 bats
  2 giant cockroaches (D:1)
  2 goblins (D:1)
  3 hobgoblins
  7 jackals (D:2)
  3 ball pythons
  8 frilled lizards
  7 kobolds
  6 rats
54 creatures vanquished.

Notes
Turn   | Place    | Note
-------+----------+-------------------------------------------
     0 | D:1      | sking99 the Draconian Transmuter began the quest for the Orb.
     0 | D:1      | Reached XP level 1. HP: 16/16 MP: 3/3
   188 | D:1      | Reached XP level 2. HP: 21/23 MP: 5/5
   520 | D:1      | Learned a level 2 spell: Sticks to Snakes
   551 | D:1      | Reached skill level 4 in Unarmed Combat
   748 | D:2      | Reached XP level 3. HP: 28/28 MP: 1/6
  1196 | D:2      | Found an iron altar of Okawaru.
  1198 | D:2      | Found a sparkling altar of Nemelex Xobeh.
  1256 | D:2      | Became a worshipper of Warmaster Okawaru
  1772 | D:3      | Noticed Grinder
  1775 | D:3      | Paralysed by Grinder for 4 turns
  1780 | D:3      | Reached XP level 4. HP: 33/35 MP: 5/7
  1790 | D:3      | Reached skill level 5 in Unarmed Combat
  2058 | D:3      | Killed Grinder
  2058 | D:3      | Reached * piety under Okawaru
  2058 | D:3      | Reached skill level 6 in Unarmed Combat
  2058 | D:3      | Reached XP level 5. HP: 19/40 MP: 3/8
  2064 | D:3      | Gained mutation: You have sharp toenails. [potion of mutation]
  2064 | D:3      | Gained mutation: Your flesh is heat resistant. (rF+) [potion of mutation]
  2064 | D:3      | Gained mutation: Your mind is acute. (Int +2) [potion of mutation]
  2072 | D:3      | HP: 2/40 [poisoned by an adder]
  2077 | D:3      | Succumbed to an adder's poison

Vault maps used:
D:1:      kennysheep_arrival_forest
D:2:      chequers_temple_overflow_statue_of_worship, first_ration
D:3:      nicolae_dithmenos_shadow_blocks, trog_hazing_becter, uniq_grinder

Skill      XL: |  1  2  3  4 |
---------------+-------------+-----
Unarmed Combat | 4 6 |  6.7
Fighting       | |  1.1
Dodging        | |  1.7
Spellcasting   | |  2.0
Transmutations | |  2.0

Action                   |  1- 3 |  4- 6 || total
-------------------------+-------+-------++-------
Melee: Unarmed           |   166 |    30 ||   196
       Tailslap          |    11 |     7 ||    18
       Punch             |     1 |     1 ||     2
       Headbutt          |       |     4 ||     4
       Kick              |       |     1 ||     1
 Cast: Sticks to Snakes  |     2 |     3 ||     5
       Beastly Appendage |     1 |     1 ||     2
Invok: Heroism           |       |     1 ||     1
  Use: Potion            |       |     2 ||     2
 Stab: Sleeping          |     1 |       ||     1
  Eat: Chunk             |     3 |     1 ||     4
Armor: Skin              |    43 |     4 ||    47
Dodge: Dodged            |    96 |    14 ||   110

Table legend:
 A = Spawn XP
 B = Non-spawn XP
 C = Spawn XP percentage of total XP
 D = Spawn monster count
 E = Non-spawn monster count
 F = Spawn count percentage of total count
 G = Total turns spent on level
                    A         B        C        D         E        F      G
               +---------+---------+-------+---------+---------+-------+---------
         Total |       0 |     368 |   0.0 |       0 |      54 |   0.0 |  2077
               +---------+---------+-------+---------+---------+-------+---------
           D:1 |       0 |      29 |   0.0 |       0 |      21 |   0.0 |   731
           D:2 |       0 |      66 |   0.0 |       0 |      24 |   0.0 |  1202
           D:3 |       0 |     273 |   0.0 |       0 |       9 |   0.0 |   144
               +---------+---------+-------+---------+---------+-------+---------
